 Dungeon Crawl Stone Soup version 0.16.0-17-g811c1d7 (webtiles) character file.

3458 Impervious the Skirmisher (level 9, -9/71 HPs)
             Began as a Demonspawn Fighter on Mar 22, 2015.
             Was a Priest of Okawaru.
             Mangled by a yak (10 damage)
             ... on level 8 of the Dungeon.
             The game lasted 00:27:03 (7160 turns).

Impervious the Skirmisher (Demonspawn Fighter)      Turns: 7160, Time: 00:27:03

Health: -9/71      AC: 15    Str: 19    XL:     9   Next: 78%
Magic:  0/18       EV:  9    Int: 10    God:    Okawaru [***...]
Gold:   173        SH:  5    Dex: 16    Spells: 0 memorised, 13 levels left

rFire  + . .     SeeInvis .     C - +0 long sword
rCold  . . .     Clarity  .     e - +4 chain mail {rF+}
rNeg   . . .     SustAb   .     a - +0 buckler
rPois  .         Gourm    .     (helmet restricted)
rElec  .         Spirit   +     Q - +1 cloak
rCorr  .         Warding  .     (no gloves)
rMut   .         Stasis   .     (no boots)
MR     .....                    r - amulet of rage
Stlth  ..........               (no ring)
                                w - +3 ring of dexterity

@: not resistant to hostile enchantments, extremely unstealthy
A: antennae 1, demonic guardian 1, magic shield
a: Heroism, Renounce Religion, Evoke Berserk Rage


You were on level 8 of the Dungeon.
You worshipped Okawaru.
Okawaru was most pleased with you.
You were very hungry.

You visited 2 branches of the dungeon, and saw 10 of its levels.

You collected 456 gold pieces.
You spent 283 gold pieces at shops.

Inventory:

Hand weapons
 C - a +0 long sword (weapon)
 M - the -1 quarterstaff of Intimidation {freeze, rF+, unknown}
   (You found it on level 7 of the Dungeon)

   It has been specially enchanted to freeze those struck by it, causing extra
   injury to most foes and up to half again as much damage against particularly
   susceptible opponents.
   It can also slow down cold-blooded creatures.
   It protects you from fire.
 P - a +4 quarterstaff of chaos
Missiles
 R - 2 steel tomahawks (quivered)
Armour
 a - a +0 buckler (worn)
 c - a +0 shield
 e - a +4 chain mail of fire resistance (worn)
 k - a +0 helmet
 Q - a +1 cloak (worn)
Jewellery
 m - an uncursed amulet of stasis
 r - an amulet of rage (around neck)
 w - a +3 ring of dexterity (left hand)
 x - an uncursed ring of protection from fire
Magical devices
 K - a wand of random effects (32)
 O - a wand of magic darts (26)
Scrolls
 b - a scroll of immolation {unknown}
 i - a scroll of noise {unknown}
 l - 2 scrolls of enchant weapon {unknown}
 q - 3 scrolls of teleportation {unknown}
 t - a scroll of enchant armour
 u - 3 scrolls of magic mapping {unknown}
 v - a scroll of remove curse
 y - a scroll of identify
 D - a scroll of amnesia {unknown}
 F - a scroll of fear {unknown}
 L - a scroll of recharging {unknown}
Potions
 f - 4 potions of curing
 g - a potion of haste {unknown}
 j - 2 potions of cure mutation {unknown}
 n - 3 potions of magic {unknown}
 o - a potion of poison {unknown}
 p - a potion of brilliance {unknown}
 A - a potion of restore abilities
 B - 2 potions of might
 G - a potion of lignification {unknown}
 H - a potion of beneficial mutation {unknown}
 I - a potion of agility {unknown}
Comestibles
 d - 4 bread rations
 h - 4 meat rations
 s - a beef jerky
 z - 4 fruits
 J - a royal jelly
 N - a slice of pizza


   Skills:
 * Level 6.9 Fighting
 + Level 4.7 Long Blades
 + Level 4.8 Armour
 + Level 3.9 Dodging
 + Level 5.0 Shields
 - Level 1.1 Unarmed Combat
 - Level 2.6 Spellcasting
 * Level 6.0 Invocations
 * Level 6.1 Evocations


You had 13 spell levels left.
You didn't know any spells.

Dungeon Overview and Level Annotations

Branches:
Dungeon (9/15)             Temple (1/1) D:5
   Lair: D:8-11         Orc: D:9-12

Altars:
Ashenzari
Cheibriados
Dithmenos
Elyvilon
Fedhas
Gozag
Kikubaaqudgha
Makhleb
Nemelex Xobeh
Okawaru
Qazlal
Ru
Sif Muna
Trog
Vehumet
Xom
Yredelemnul
Zin
The Shining One

Shops:
D:4 *   D:5 !%*


Innate Abilities, Weirdness & Mutations

You have a pair of small antennae on your head.
A weak demonic guardian rushes to your aid.
When hurt, damage is shared between your health and your magic reserves.


Message History

You barely miss the yak.
The yak is heavily wounded.
The yak closely misses you. The yak gores you.
* * * LOW HITPOINT WARNING * * *
The yak gores you but does no damage.
You closely miss the yak.
The yak is heavily wounded.
The yak gores you but does no damage. The yak closely misses you.
You hit the yak but do no damage.
The yak is heavily wounded.
You block the yak's attack. The yak completely misses you.
Your chain mail prevents you from hitting the yak.
The yak is heavily wounded.
The yak gores you but does no damage. The yak gores you!
* * * LOW HITPOINT WARNING * * *
You hit the yak.
The yak is heavily wounded.
The yak gores you but does no damage. You block the yak's attack.
The yak gores you!
You die...

#############
#...YhY@Yh..#
#.#########.# #.#
########## #.#
#........#
#.####### #.#
#.######.#
........#####.# #.#
#.#
...............#
#.# #)#
#.#####.#####.###.#
#p# #.# #.^.##.#
#p#


You could see 3 yaks and 2 jackals.

Vanquished Creatures
  Pikel (D:8)
  A yak (D:8)
  A hungry ghost (D:8)
  An orc warrior (D:7)
  4 phantoms
  A centaur (D:6)
  2 ogres
  A gnoll sergeant (D:5)
  A giant frog (D:7)
  A scorpion (D:6)
  4 killer bees (D:7)
  2 crimson imps (D:6)
  2 goliath beetles (D:6)
  3 hounds
  Crazy Yiuf (D:7)
  An orc priest (D:4)
  2 centaur skeletons (D:4)
  2 giant frog skeletons
  2 iguanas (D:5)
  4 orc wizards
  3 worker ants
  A hound zombie (D:7)
  Terence (D:2)
  A hound skeleton (D:7)
  7 adders
  5 gnolls
  A shadow imp (D:7)
  2 worms (D:4)
  7 giant geckos
  3 oozes
  10 orcs
  2 ball pythons
  A bat zombie (D:6)
  7 giant cockroaches
  9 goblins
  11 hobgoblins
  12 jackals
  5 quokkas
  15 bats
  6 giant newts
  15 kobolds
  2 quokka skeletons
  6 rats
169 creatures vanquished.

Vanquished Creatures (collateral kills)
  The ghost of Fluffy the Cleaver, an experienced HOGl of Qazlal (D:7)
  Prince Ribbit (D:4)
  An ogre (D:7)
  A goliath beetle (D:8)
  2 giant frog skeletons (D:4)
  2 orc wizards
  An orc priest (D:7)
  An orc (D:5)
  3 bats
  A bat skeleton (D:4)
  3 hobgoblins
  A giant gecko (D:5)
  A giant newt (D:6)
  A kobold (D:7)
20 creatures vanquished.

Vanquished Creatures (others)
  A quasit (D:7)
  4 iron imps
  4 crimson imps
  6 white imps
  4 ufetubi
19 creatures vanquished.

Grand Total: 208 creatures vanquished

Notes
Turn   | Place    | Note
--------------------------------------------------------------
     0 | D:1      | Impervious, the Demonspawn Fighter, began the quest for the Orb.
     0 | D:1      | Reached XP level 1. HP: 18/18 MP: 1/1
    44 | D:2      | Noticed Terence
    52 | D:2      | Killed Terence
    52 | D:2      | Gained mutation: A weak demonic guardian rushes to your aid. [demonic ancestry]
    52 | D:2      | Reached XP level 2. HP: 4/24 MP: 2/2
   376 | D:2      | Reached skill level 1 in Spellcasting
   472 | D:1      | Reached XP level 3. HP: 26/29 MP: 4/4
  1302 | D:2      | Reached XP level 4. HP: 32/35 MP: 6/6
  1493 | D:4      | Noticed Prince Ribbit
  1515 | D:4      | Killed Prince Ribbit
  1515 | D:4      | Reached skill level 1 in Dodging
  1515 | D:4      | Reached skill level 1 in Unarmed Combat
  1515 | D:4      | Reached XP level 5. HP: 9/42 MP: 7/7
  1751 | D:5      | Entered Level 5 of the Dungeon
  1800 | D:3      | Reached skill level 4 in Fighting
  2633 | D:3      | Found a stormy altar of Qazlal.
  2774 | D:5      | Found a bloodstained altar of Trog.
  2823 | D:5      | Gained mutation: You have a pair of small antennae on your head. [demonic ancestry]
  2823 | D:5      | Reached XP level 6. HP: 44/48 MP: 9/9
  2986 | D:4      | Found Gheschabe's General Store.
  3007 | D:4      | Bought a potion of restore abilities for 65 gold pieces
  3007 | D:4      | Bought a scroll of identify for 26 gold pieces
  3051 | D:4      | Reached skill level 1 in Evocations
  3158 | D:4      | Noticed an ogre
  3164 | D:4      | Killed an ogre
  3739 | D:5      | Reached XP level 7. HP: 49/55 MP: 12/12
  3763 | D:5      | Noticed a phantom
  3781 | D:5      | Killed a phantom
  3855 | D:5      | Found Cleont's Distillery.
  3865 | D:5      | Bought a potion of heal wounds for 60 gold pieces
  3865 | D:5      | Bought a potion of ambrosia for 96 gold pieces
  3865 | D:5      | Bought a potion of curing for 36 gold pieces
  3876 | D:5      | Found Ysmuwafoa's Assorted Antiques.
  3876 | D:5      | Noticed a phantom
  3927 | D:5      | Killed a phantom
  4224 | D:6      | Reached skill level 5 in Fighting
  4679 | D:5      | Found a staircase to the Ecumenical Temple.
  4766 | D:5      | Found Kaukhluat's Food Emporium.
  4855 | Temple   | Entered the Ecumenical Temple
  5052 | Temple   | Became a worshipper of Warmaster Okawaru
  5272 | D:7      | Gained mutation: When hurt, damage is shared between your health and your magic reserves. [demonic ancestry]
  5272 | D:7      | Reached XP level 8. HP: 58/62 MP: 14/14
  5319 | D:6      | Reached skill level 1 in Invocations
  5411 | D:7      | Noticed Fluffy's ghost (experienced HOGl)
  5422 | D:7      | Killed Fluffy's ghost
  5422 | D:7      | Acquired Okawaru's first power
  5727 | D:6      | Found a shattered altar of Ashenzari.
  5797 | D:6      | Reached skill level 6 in Fighting
  6009 | D:7      | Reached XP level 9. HP: 69/69 MP: 16/16
  6120 | D:7      | Reached skill level 5 in Evocations
  6499 | D:7      | Got a sapphire quarterstaff
  6872 | D:7      | Noticed Crazy Yiuf
  6878 | D:7      | Killed Crazy Yiuf
  6878 | D:7      | Reached skill level 5 in Invocations
  7061 | D:8      | Noticed Pikel
  7069 | D:8      | Killed Pikel
  7069 | D:8      | Received a gift from Okawaru
  7069 | D:8      | Reached skill level 5 in Shields
  7159 | D:8      | HP: 1/71 [yak (6)]
  7160 | D:8      | Mangled by a yak

Action                   |  1- 3 |  4- 6 |  7- 9 || total
-------------------------+-------+-------+-------++-------
Melee: Long sword        |   124 |   194 |   345 ||   663
Invok: Heroism           |       |       |     1 ||     1
 Abil: Evoke Berserk Rag |       |       |     2 ||     2
  Use: Potion            |     1 |       |     5 ||     6
       Scroll            |     2 |       |       ||     2
 Stab: Distracted        |       |       |     5 ||     5
  Eat: Chunk             |     1 |     8 |    11 ||    20
       Pizza             |       |       |     1 ||     1
